 Dungeon Crawl Stone Soup version 0.18.1-6-gd335043 (webtiles) character file.

32280 mopl the Severer (level 13, -1/114 HPs)
             Began as a Hill Orc Fighter on May 17, 2016.
             Was the Champion of the Shining One.
             Slain by a 12-headed hydra (10 damage)
             ... on level 14 of the Dungeon.
             The game lasted 00:26:20 (12602 turns).

mopl the Severer (Hill Orc Fighter)                Turns: 12602, Time: 00:26:23

Health: -1/114     AC: 20    Str: 20    XL:     13   Next: 63%
Magic:  17/18      EV:  9    Int: 13    God:    the Shining One [******]
Gold:   804        SH:  9    Dex: 14    Spells: 1 memorised, 11 levels left

rFire  . . .     SeeInvis .     a - +2 broad axe
rCold  . . .     Gourm    .     A - +2 chain mail {rPois}
rNeg   + + +     Faith    .     c - +0 shield
rPois  +         Spirit   .     w - +0 helmet
rElec  .         Dismiss  .     u - +1 cloak
rCorr  .         Reflect  .     (no gloves)
SustAt .         Harm     .     D - +0 pair of boots
MR     .....                    k - amulet of regeneration
Stlth  ..........               (no ring)
                                t - +5 ring of intelligence

@: glowing, not resistant to hostile enchantments, extremely unstealthy
A: no striking features
a: Divine Shield, Cleansing Flame, Summon Divine Warrior, Brand Weapon With Holy
Wrath, Renounce Religion


You were on level 14 of the Dungeon.
You worshipped the Shining One.
The Shining One was exalted by your worship.
You were hungry.

You visited 2 branches of the dungeon, and saw 15 of its levels.
You also visited: Ossuary.

You collected 804 gold pieces.

Inventory:

Hand Weapons
 a - a +2 broad axe (weapon)
Missiles
 j - 10 tomahawks (quivered)
Armour
 c - a +0 shield (worn)
 u - a +1 cloak (worn)
 w - a +0 helmet (worn)
 A - a +2 chain mail of poison resistance (worn)
 D - a +0 pair of boots (worn)
Magical Staves
 S - an uncursed staff of fire
Jewellery
 k - an amulet of regeneration (around neck)
 m - an uncursed amulet of dismissal
 n - an uncursed ring of ice
 t - a +5 ring of intelligence (left hand)
Wands
 p - a wand of digging (8/24)
 v - a wand of lightning (6/15)
 B - a wand of slowing (25/48)
 E - a wand of acid (5/15)
 G - a wand of polymorph (13/24)
 O - a wand of confusion (28/48)
 R - a wand of lightning (7/15)
 U - a wand of iceblast (9/15)
Scrolls
 b - 3 scrolls of magic mapping {unknown}
 h - 2 scrolls of fog
 l - 3 scrolls of remove curse
 q - 7 scrolls of identify
 r - 2 scrolls of immolation {!r}
 y - 2 scrolls of enchant armour {unknown}
 C - 4 scrolls of blinking {unknown}
 F - 3 scrolls of recharging
 J - a scroll of brand weapon {unknown}
 K - 2 scrolls of teleportation
 M - a scroll of random uselessness {unknown}
 N - a scroll of fear {unknown}
 Q - 3 scrolls of vulnerability {unknown}
 W - a scroll of enchant weapon {unknown}
 X - a scroll of holy word {unknown}
 Z - a scroll of noise {unknown}
Potions
 d - 5 potions of might
 e - 6 potions of flight
 i - 4 potions of heal wounds
 o - 2 potions of cure mutation {!q}
 s - 10 potions of curing
 x - 3 potions of lignification {!q}
 H - 2 potions of agility
 T - a potion of haste
 Y - a potion of cancellation
Miscellaneous
 V - a lamp of fire (inert)
Comestibles
 f - 14 bread rations
 g - a royal jelly
 z - 6 meat rations
 L - 3 slices of pizza
 P - 19 fruits


   Skills:
 + Level 10.7 Fighting
 * Level 17.2 Axes
 * Level 13.7 Armour
 + Level 7.3 Dodging
 - Level 3.2 Shields
 + Level 6.7 Invocations


You had 11 spell levels left.
You knew the following spells:

 Your Spells              Type           Power        Failure   Level  Hunger
a - Summon Butterflies    Summ           #.......     100%        1    ##.....


Dungeon Overview and Level Annotations

Branches:
Dungeon (14/15)            Temple (1/1) D:5            Lair (0/8) D:11
    Orc (0/2) D:12
 Vaults: D:13-14

Altars:
Ashenzari
Cheibriados
Dithmenos
Elyvilon
Fedhas
Gozag
Kikubaaqudgha
Makhleb
Nemelex Xobeh
Pakellas
Qazlal
Ru
Sif Muna
Trog
Vehumet
Xom
Yredelemnul
Zin
The Shining One

Annotations:
D:11 exclusion: downstairs
D:12 exclusion: downstairs, Bubs's ghost, journeyman FoFi


Message History

The deep elf mage dies!
You chop one of the 11-headed hydra's heads off!
The ten-headed hydra grows two more!
You slash the 12-headed hydra!
The 12-headed hydra is severely wounded.
The 12-headed hydra bites you. The 12-headed hydra barely misses you.
The 12-headed hydra closely misses you. You block the 12-headed hydra's attack.
The 12-headed hydra bites you!
* * * LOW HITPOINT WARNING * * *
The 12-headed hydra bites you.
* * * LOW HITPOINT WARNING * * *
The 12-headed hydra bites you.
* * * LOW HITPOINT WARNING * * *
The 12-headed hydra bites you!
* * * LOW HITPOINT WARNING * * *
The 12-headed hydra bites you.
* * * LOW HITPOINT WARNING * * *
You block the 12-headed hydra's attack.
The 12-headed hydra bites you but does no damage.
The 12-headed hydra bites you!
You die...

### #.###### # #.# # #.# # #*# #
#.# # #e# # #.#
########.########################
.......§...§§ED@....<..#††††....
#######.############.#.#.#######
#.# #.#........# ########.#
#.###...##.# .........#
#........#.# ##########
#######..#.## #..#... #.##### #.#


You could see a 12-headed hydra and a friendly fire elemental.

Vanquished Creatures
  Gastronok (D:8)
  2 centaur warriors (D:13)
  A death knight (D:14)
  3 unseen horrors
  Pikel (D:4)
  A hill giant (D:13)
  A deep elf mage (D:12)
  A cyclops (D:12)
  14 ugly things
  A gargoyle (D:12)
  4 centaur skeletons
  Joseph (D:7)
  A kobold demonologist (D:13)
  2 trolls
  4 two-headed ogres
  6 slime creatures (D:13)
  A wraith (D:12)
  A shadow (D:12)
  33 yaks
  2 vampires
  2 wyverns
  Eustachio (D:5)
  Grum (D:8)
  4 vampire mosquitoes (D:12)
  6 hippogriffs
  A basilisk (D:13)
  2 hungry ghosts
  3 wargs (D:12)
  Edmund (D:5)
  A water moccasin (D:7)
  A soldier ant (D:7)
  5 ice beasts
  6 orc warriors
  2 hell hounds (D:11)
  A slave (D:4)
  6 phantoms
  A sky beast (D:11)
  An eye of draining (D:11)
  2 black bears
  A wasp (D:13)
  12 ogres
  4 wolves
  A necrophage (D:11)
  3 centaurs
  A big kobold (D:11)
  A wyvern zombie (D:10)
  9 giant frogs
  2 scorpions
  4 killer bees (D:8)
  3 howler monkeys
  4 electric eels (D:10)
  A centaur zombie (D:10)
  6 crimson imps
  2 giant frog zombies
  2 hounds
  2 human zombies (Ossuary)
  7 orc priests
  4 jellies
  A giant frog skeleton (D:12)
  3 orc wizards
  5 iguanas
  12 worker ants
  A killer bee zombie (D:8)
  3 big kobold zombies (Ossuary)
  A hound skeleton (D:4)
  2 mummies (Ossuary)
  3 worker ant zombies
  14 adders
  6 shadow imps
  An adder zombie (Ossuary)
  2 oozes
  3 worms
  An adder skeleton (D:7)
  4 dart slugs
  5 giant geckos
  39 orcs
  5 bats (D:1)
  4 giant cockroaches
  7 goblins
  7 hobgoblins
  8 jackals (D:3)
  7 kobolds
  6 quokkas
  A ball python (D:2)
  A giant gecko skeleton (D:6)
  A giant gecko zombie (D:7)
  2 giant newts
  8 hobgoblin zombies (Ossuary)
  2 jackal zombies (Ossuary)
  12 kobold zombies (Ossuary)
  8 orc zombies (Ossuary)
  A quokka skeleton (D:9)
  A quokka zombie (D:6)
  9 rats
  A rat zombie (Ossuary)
394 creatures vanquished.

Vanquished Creatures (collateral kills)
  A hydra (D:13)
  A deep elf mage (D:14)
  An orc warrior (D:13)
  2 orc priests (D:13)
5 creatures vanquished.

Grand Total: 399 creatures vanquished

Notes
Turn   | Place    | Note
--------------------------------------------------------------
     0 | D:1      | mopl the Hill Orc Fighter began the quest for the Orb.
     0 | D:1      | Reached XP level 1. HP: 19/19 MP: 1/1
    57 | D:1      | Reached skill level 3 in Axes
    83 | D:1      | Reached XP level 2. HP: 18/26 MP: 2/2
   207 | D:1      | Reached skill level 4 in Axes
   460 | D:1      | Reached XP level 3. HP: 30/31 MP: 3/3
  1001 | D:2      | Reached skill level 5 in Axes
  1410 | D:3      | Found a snail-covered altar of Cheibriados.
  1435 | D:3      | Reached XP level 4. HP: 26/39 MP: 4/4
  1477 | D:3      | Reached skill level 6 in Axes
  1606 | D:3      | Reached XP level 5. HP: 37/45 MP: 5/5
  1791 | D:3      | Reached skill level 7 in Axes
  1897 | D:4      | Found a bloodstained altar of Trog.
  1901 | D:4      | Noticed a phantom
  1937 | D:4      | Killed a phantom
  1937 | D:4      | Reached skill level 8 in Axes
  1937 | D:4      | Reached XP level 6. HP: 44/51 MP: 6/6
  2046 | D:3      | Reached skill level 9 in Axes
  2190 | D:4      | Found a white marble altar of Elyvilon.
  2200 | D:4      | Became a worshipper of Elyvilon the Healer
  2256 | D:4      | Reached skill level 10 in Axes
  2256 | D:4      | Reached XP level 7. HP: 56/57 MP: 7/7
  2418 | D:4      | Noticed Pikel
  2452 | D:4      | Killed Pikel
  2452 | D:4      | Reached skill level 4 in Fighting
  2452 | D:4      | Reached skill level 5 in Armour
  2452 | D:4      | Reached skill level 1 in Dodging
  2452 | D:4      | Reached XP level 8. HP: 46/67 MP: 8/8
  2591 | D:4      | Reached skill level 11 in Axes
  2718 | D:5      | Entered Level 5 of the Dungeon
  2815 | D:5      | Noticed Eustachio
  2824 | D:5      | Reached skill level 5 in Fighting
  2824 | D:5      | Reached skill level 2 in Dodging
  2838 | D:5      | Killed Eustachio
  2976 | D:5      | Reached skill level 6 in Armour
  3013 | D:5      | Reached XP level 9. HP: 74/74 MP: 9/9
  3017 | D:5      | Found a blossoming altar of Fedhas.
  3105 | D:5      | Noticed Edmund
  3119 | D:5      | Killed Edmund
  3134 | D:5      | Found a burning altar of Makhleb.
  3474 | D:5      | Found a staircase to the Ecumenical Temple.
  3482 | Temple   | Entered the Ecumenical Temple
  3510 | Temple   | Fell from the grace of Elyvilon
  3510 | Temple   | Became a worshipper of the Shining One
  4112 | D:6      | Reached skill level 7 in Armour
  4146 | D:6      | Reached skill level 12 in Axes
  4146 | D:6      | Reached skill level 3 in Dodging
  4199 | D:6      | Got a shadowed robe
  4513 | D:7      | Reached skill level 6 in Fighting
  4738 | D:7      | Reached skill level 8 in Armour
  4788 | D:7      | Found a sand-covered staircase.
  4793 | Ossuary  | Entered an ossuary
  4800 | Ossuary  | Reached * piety under the Shining One
  4850 | Ossuary  | Reached ** piety under the Shining One
  4896 | Ossuary  | Reached *** piety under the Shining One
  4913 | Ossuary  | Reached XP level 10. HP: 84/84 MP: 10/10
  5126 | D:7      | Found a shadowy altar of Dithmenos.
  5126 | D:7      | Found a sacrificial altar of Ru.
  5152 | D:7      | Got a twitching lapis lazuli ring
  5169 | D:7      | Noticed Joseph
  5169 | D:7      | Reached **** piety under the Shining One
  5172 | D:7      | Identified the ring "Zaven" {*Tele Str+2} (You took it off an orc on level 7 of the Dungeon)
  5197 | D:7      | Killed Joseph
  5197 | D:7      | Reached skill level 7 in Fighting
  5197 | D:7      | Reached skill level 13 in Axes
  5570 | D:8      | Noticed Grum
  5584 | D:8      | Killed Grum
  5584 | D:8      | Reached skill level 4 in Dodging
  5828 | D:8      | Reached skill level 9 in Armour
  5853 | D:8      | Found a shattered altar of Ashenzari.
  6137 | D:8      | Noticed Gastronok
  6179 | D:8      | Killed Gastronok
  6179 | D:8      | Reached skill level 8 in Fighting
  6179 | D:8      | Reached skill level 14 in Axes
  6179 | D:8      | Reached XP level 11. HP: 36/94 MP: 11/11
  6321 | D:8      | Reached skill level 10 in Armour
  6774 | D:9      | Reached skill level 5 in Dodging
  6809 | D:9      | Found a glowing silver altar of Zin.
  6809 | D:9      | Noticed an angel
  7287 | D:9      | Found a blossoming altar of Fedhas.
  7534 | D:10     | Entered Level 10 of the Dungeon
  7604 | D:10     | Reached ***** piety under the Shining One
  7631 | D:9      | Reached skill level 15 in Axes
  7631 | D:9      | Reached skill level 11 in Armour
  7906 | D:10     | Identified Amaefo's Almanac of Flight and Beguiling
  8008 | D:10     | Reached skill level 9 in Fighting
  8342 | D:10     | Noticed an unseen horror
  8367 | D:10     | Killed an unseen horror
  8695 | D:11     | Reached skill level 6 in Dodging
  8815 | D:11     | Reached XP level 12. HP: 83/104 MP: 12/12
  8831 | D:11     | Found a staircase to the Lair.
  8847 | D:11     | Reached skill level 1 in Invocations
  9085 | D:11     | Reached skill level 2 in Invocations
  9295 | D:11     | Noticed Sonja
  9296 | D:11     | Noticed Sonja
  9296 | D:11     | Sonja changed into Sonja the wolf
  9310 | D:11     | Killed Sonja the wolf
  9511 | D:11     | Learned a level 1 spell: Summon Butterflies
  9720 | D:11     | Reached skill level 3 in Invocations
  9840 | D:12     | Reached skill level 12 in Armour
 10044 | D:12     | Reached skill level 16 in Axes
 10058 | D:12     | Found a staircase to the Orcish Mines.
 10265 | D:12     | Reached skill level 4 in Invocations
 10450 | D:12     | Noticed Bubs's ghost (journeyman FoFi)
 10912 | D:12     | Identified the +2 robe of Plasticity {rF- Str+6} (You found it on level 6 of the Dungeon)
 10978 | D:13     | Noticed a centaur warrior
 10994 | D:13     | Killed a centaur warrior
 11021 | D:13     | Reached skill level 10 in Fighting
 11032 | D:13     | Reached skill level 5 in Invocations
 11032 | D:13     | Reached XP level 13. HP: 59/113 MP: 16/16
 11144 | D:13     | Reached ****** piety under the Shining One
 11205 | D:13     | Reached skill level 13 in Armour
 11225 | D:13     | Reached skill level 7 in Dodging
 11999 | D:14     | Reached skill level 6 in Invocations
 12132 | D:14     | Reached skill level 17 in Axes
 12602 | D:14     | Slain by a 12-headed hydra

Skill      XL: |  1  2  3  4  5  6  7  8  9 10 11 12 13 |
---------------+----------------------------------------+-----
Axes           | 3 4 5 6 8 10 11 12 14 15 16 17 | 17.2
Fighting       | 4 5 6 8 9 10 | 10.7
Armour         | 5 6 8 9 11 12 13 | 13.7
Dodging        | 1 2 3 4 6 7 |  7.3
Invocations    | 5 6 |  6.7
Shields        | |  3.2

Action                   |  1- 3 |  4- 6 |  7- 9 | 10-12 | 13-15 || total
-------------------------+-------+-------+-------+-------+-------++-------
Melee: War axe           |   152 |   126 |   325 |   943 |   214 ||  1760
       Broad axe         |       |       |       |       |    64 ||    64
Throw: Tomahawk          |       |     3 |       |       |     4 ||     7
Invok: Divine Shield     |       |       |       |     1 |       ||     1
       Summon Divine War |       |       |       |       |     2 ||     2
Evoke: Wand              |       |       |       |     1 |       ||     1
       Lamp of fire      |       |       |       |       |     1 ||     1
  Use: Scroll            |     7 |     1 |     4 |     4 |     1 ||    17
       Potion            |       |       |       |     1 |     3 ||     4
  Eat: Chunk             |     2 |     3 |     7 |    18 |     5 ||    35
       Royal jelly       |       |       |     1 |       |       ||     1
       Beef jerky        |       |       |       |     2 |     1 ||     3
Armor: Scale mail        |    16 |       |       |       |       ||    16
       Chain mail        |    83 |    66 |    17 |       |    80 ||   246
       Plate armour      |       |       |   114 |   447 |    78 ||   639
Dodge: Dodged            |    26 |    20 |    39 |   197 |    75 ||   357
Block: Shield            |    80 |    49 |    99 |   322 |   100 ||   650
